 Dungeon Crawl Stone Soup version 0.25.1-2-g60ff931df9 (webtiles) character file.

Game seed: 11463305309117733766

146 Acheron the Charmwright (level 5, -1/40 HPs)
             Began as a Vampire Skald on Sept 3, 2020.
             Was an Initiate of Okawaru.
             Slain by a gnoll
             ... wielding a +0 spear
              (7 damage)
             ... on level 4 of the Dungeon.
             The game lasted 00:12:58 (1880 turns).

Acheron the Charmwright (Vampire Skald)             Turns: 1880, Time: 00:12:58

Health: -1/40      AC:  5    Str: 10    XL:     5   Next: 7%
Magic:  8/8        EV: 12    Int: 16    God:    Okawaru [......]
Gold:   70         SH:  0    Dex: 14    Spells: 7/8 levels left

rFire    . . .     SeeInvis +   a - +0 falchion
rCold    . . .     Gourm    .   (no shield)
rNeg     . . .     Faith    .   b - +0 leather armour
rPois    .         Spirit   .   (no helmet)
rElec    .         Reflect  .   (no cloak)
rCorr    .         Harm     .   (no gloves)
MR       .....                  c - +1 pair of boots
Stlth    ++........             (no amulet)
HPRegen  0.33/turn              (no ring)
MPRegen  0.11/turn              (no ring)

@: regenerating quickly
A: no food, fangs 3, see invisible, unbreathing
a: Exsanguinate, Renounce Religion


You were on level 4 of the Dungeon.
You worshipped Okawaru.
Okawaru was noncommittal.
You were alive.

You visited 1 branch of the dungeon, and saw 4 of its levels.

You collected 70 gold pieces.

Inventory:

Hand Weapons
 a - a +0 falchion (weapon)
 d - a +0 dagger
 l - a +0 hunting sling
Missiles
 h - 21 sling bullets
 j - 21 poisoned darts (quivered)
 m - 46 stones
Armour
 b - a +0 leather armour (worn)
 c - a +1 pair of boots (worn)
Scrolls
 g - 3 scrolls of identify
 k - a scroll of immolation
 p - 2 scrolls of enchant armour
 t - a scroll of amnesia
Potions
 e - a potion of ambrosia {unknown}
 f - 5 potions of curing
 i - a potion of degeneration {unknown}
 n - a potion of cancellation {unknown}
 o - a potion of berserk rage
 q - a potion of lignification {unknown}
 r - a potion of mutation {unknown}
 s - a potion of heal wounds {unknown}


   Skills:
 * Level 2.8 Fighting
 + Level 2.7 Long Blades
 * Level 1.4 Armour
 * Level 2.7 Dodging
 * Level 1.4 Stealth
 * Level 2.1 Spellcasting
 * Level 4.3 Charms


You had 7 spell levels left.
You knew the following spells:

 Your Spells              Type           Power        Failure   Level  Hunger
a - Infusion              Chrm           ###.         4%          1    N/A

Your spell library contained the following spells:

 Spells                   Type           Power        Failure   Level  Hunger
 Song of Slaying          Chrm           ###.....     7%          2    N/A
 Shroud of Golubria       Chrm/Tloc      #.....       17%         2    N/A
 Ozocubu's Armour         Chrm/Ice       #.......     32%         3    N/A
 Spectral Weapon          Hex/Chrm       #.......     32%         3    N/A

Dungeon Overview and Level Annotations

Branches:
Dungeon (4/15)
 Temple: D:4-7

Altars:
Gozag
Okawaru

Annotations:
D:1 exclusion: downstairs
D:2 Terence
D:3 3 runed translucent doors, Elkerch's ghost, amateur CeAM


Innate Abilities, Weirdness & Mutations

You do not eat.
Your natural rate of healing is unusually fast.
You have razor-sharp teeth.
You have supernaturally acute eyesight. (SInv)
You can survive without breathing.


Message History

You climb downwards.
A gnoll comes into view. It is wielding a +0 flail.
There is a stone staircase leading up here.
The gnoll shouts!
You see here a scroll of identify.
g - 3 scrolls of identify (gained 1)
As you read the scroll labeled MAIMASTREIL, it crumbles to dust.
The creatures around you are filled with an inner flame!
It was a scroll of immolation.
The gnoll hits you with a +0 battleaxe.
Okay, then.
The gnoll hits you with a +0 battleaxe! The gnoll hits you with a +0 spear.
* * * LOW HITPOINT WARNING * * *
The gnoll barely misses you. The gnoll hits you with a +0 flail.
* * * LOW HITPOINT WARNING * * *
The gnoll hits you from afar with a +0 spear.
* * * LOW HITPOINT WARNING * * *
The gnoll hits you but does no damage.
The gnoll hits you from afar with a +0 spear!
You die...

######## ##.....<####
##..........#
#########...........#....
#.......@................
#.....g.g................
#.....g...<..............
#......................g.
#########..........##....
##...............
#..........#.....
#................
##...........###..


You could see 3 gnolls.

Vanquished Creatures
  An orc wizard (D:4)
  3 adders
  4 dart slugs
  2 leopard geckos
  7 orcs
  5 bats
  2 giant cockroaches
  6 hobgoblins (D:1)
  8 jackals
  2 quokkas
  3 ball pythons
  7 frilled lizards
  9 goblins
  5 kobolds
  9 rats
73 creatures vanquished.

Notes
Turn   | Place    | Note
-------+----------+-------------------------------------------
     0 | D:1      | Acheron the Vampire Skald began the quest for the Orb.
     0 | D:1      | Reached XP level 1. HP: 16/16 MP: 3/3
   107 | D:1      | Reached XP level 2. HP: 21/22 MP: 5/5
   141 | D:1      | Reached skill level 4 in Charms
   374 | D:1      | Reached XP level 3. HP: 26/27 MP: 6/6
   713 | D:2      | Noticed Terence
   738 | D:3      | Reached skill level 1 in Armour
   744 | D:3      | Reached skill level 1 in Stealth
   752 | D:3      | Found a runed translucent gate.
   752 | D:3      | Found a runed translucent gate.
   752 | D:3      | Found a runed translucent gate.
   889 | D:2      | Found an iron altar of Okawaru.
   907 | D:2      | Became a worshipper of Warmaster Okawaru
   973 | D:2      | Reached XP level 4. HP: 32/33 MP: 7/7
  1021 | D:3      | Found an opulent altar of Gozag.
  1024 | D:3      | Noticed Elkerch's ghost (amateur CeAM)
  1730 | D:4      | Reached XP level 5. HP: 9/39 MP: 8/8
  1880 | D:4      | Slain by a gnoll

Illustrated notes

Levels and vault maps discovered:
D:1:      dpeg_arrival_oval, layout_rooms, st_stairs_9,
          chequers_serial_rivers_small_b
D:2:      layout_loops_cross, okawaru_gym_becter, serial_forest,
          infiniplex_forest_clump_double, infiniplex_forest_clump_tiny,
          infiniplex_forest_clump_C, infiniplex_forest_clump_tiny,
          infiniplex_forest_lined_room_2, infiniplex_forest_straight_1,
          infiniplex_forest_zigzag_2, minmay_between, uniq_terence
D:3:      cheibrodos_pilgrimage, layout_rooms, led_sif_book, lemuel_round_altar,
          nemelex_xobeh_ov_fountains_minmay,
          chequers_ecumenical_altar_simple_redux, ebering_ghost_gozag,
          first_ration
D:4:      layout_rooms, uniq_ijyb

Skill      XL: |  1  2  3 |
---------------+----------+-----
Charms         | 4 |  4.3
Fighting       | 2 |  2.8
Armour         | 1 |  1.4
Stealth        | 1 |  1.4
Long Blades    | |  2.7
Dodging        | |  2.7
Spellcasting   | |  2.1

Action                   |  1- 3 |  4- 6 || total
-------------------------+-------+-------++-------
Melee: Falchion          |   125 |    72 ||   197
       Bite              |    10 |    10 ||    20
Throw: Dart              |       |     3 ||     3
  Use: Scroll            |     6 |     4 ||    10
       Potion            |       |     1 ||     1
Armor: Leather armour    |    53 |    26 ||    79
Dodge: Dodged            |    82 |    68 ||   150
       Rpst.: Falchion   |    35 |    20 ||    55
